 Dungeon Crawl Stone Soup version 0.29.1-1-gd02db69 (webtiles) character file.

Game seed: 346478688758321922

56 aor the Covered (level 3, 0/49 HPs)
             Began as a Minotaur Fighter on Apr 24, 2023.
             Slain by a goblin
             ... wielding a +0 dagger
             ... led by Robin
              (1 damage)
             ... on level 2 of the Dungeon.
             The game lasted 00:05:16 (828 turns).

aor the Covered (Minotaur Fighter)                   Turns: 828, Time: 00:05:16

Health: 0/49       AC:  7    Str: 22    XL:     3   Next: 69%
Magic:  2/2        EV:  9    Int:  5    God:
Gold:   12         SH:  4    Dex:  9    Spells: 2/2 levels left

rFire   . . .      SeeInvis .   a - +0 trident
rCold   . . .      Faith    .   c - +0 buckler
rNeg    . . .      Spirit   .   b - +0 scale mail
rPois   .          Reflect  .   (helmet unavailable)
rElec   .          Harm     .   (no cloak)
rCorr   .          Rampage  .   (no gloves)
Will    .....                   (no boots)
Stlth   ..........              (no amulet)
HPRegen 0.16/turn               (no ring)
MPRegen 0.08/turn               (no ring)

@: berserking, very quick
A: horns 3, retaliatory headbutt
a: no special abilities


You were on level 2 of the Dungeon.
You visited 1 branch of the dungeon, and saw 2 of its levels.

You collected 12 gold pieces.

Inventory:

Hand Weapons
 a - a +0 trident (weapon)
Armour
 b - a +0 scale mail (worn)
 c - a +0 buckler (worn)
Magical Staves
 f - a staff of conjuration
Scrolls
 e - 3 scrolls of teleportation {unknown}
 g - 2 scrolls of identify {unknown}
 i - a scroll of brand weapon {unknown}
 k - a scroll of enchant weapon {unknown}
Potions
 d - 2 potions of might
 h - a potion of mutation
 j - a potion of curing


   Skills:
 - Level 4.0 Fighting
 - Level 4.0 Polearms
 - Level 4.0 Armour
 + Level 0.7 Dodging
 - Level 4.0 Shields


You had 2 spell levels left.
You didn't know any spells.
Your spell library was empty.

Dungeon Overview and Level Annotations

Branches:
Dungeon (2/15)

Altars:

Annotations:
D:2 Robin


Innate Abilities, Weirdness & Mutations

You have a pair of large horns on your head.
You reflexively headbutt those who attack you in melee.


Message History

The goblin is severely wounded.
The goblin completely misses you. The goblin hits you with a +0 dagger.
Robin zaps a wand.
The roots erupt in riotous growth!
The grasping roots grab you!
The goblin is unaffected. x3; The grasping roots constrict you.
The goblin hits you with a +0 club. You block the goblin's attack.
The goblin hits you but does no damage. x2; Robin hits you but does no damage.
The grasping roots constrict you.
* * * LOW HITPOINT WARNING * * *
It was a potion of curing.
You feel better. The goblin hits you with a +0 dagger.
The goblin hits you but does no damage. x2
You block Robin's attack. The grasping roots constrict you.
It was a potion of mutation.
You feel extremely strange. The horns on your head grow some more.
You block the goblin's attack.
A goblin comes into view. It is wielding a +0 dagger.
The goblin hits you with a +0 club.
* * * LOW HITPOINT WARNING * * *
Robin throws the goblin at you! The grasping roots constrict you.
* * * LOW HITPOINT WARNING * * *
The goblin barely misses you. You furiously retaliate!
You headbutt the goblin.
The grasping roots release their grip on you.
It was a potion of berserk rage.
A red film seems to cover your vision as you go berserk!
You feel yourself moving faster!
You feel mighty! The goblin hits you with a +0 dagger.
* * * LOW HITPOINT WARNING * * *
You block the goblin's attack. The goblin barely misses you.
You furiously retaliate!
You headbutt the goblin!
You kill the goblin!
The goblin hits you but does no damage. The goblin hits you with a +0 club.
* * * LOW HITPOINT WARNING * * *
Robin throws the goblin at you!
You barely miss the goblin. You puncture the goblin!
You kill the goblin!
The goblin hits you but does no damage. The goblin hits you with a +0 dagger.
* * * LOW HITPOINT WARNING * * *
Robin throws the goblin at you! The goblin hits you with a +0 dagger.
You die...

.# #..........#
#.#.#####
####..........######)..#
...'..........##.....###
####..........##.[...#
#..........##....##
#..........##....#
#############....#
#........g†gg..#
#....)....#@g..#
#.........#.g..#
#......g..#....#
#.....g...######
#.........# #..gg.....#
............#
.....##...### ...g.
..###


You could see Robin and 4 goblins.

Vanquished Creatures
  2 adders (D:2)
  A worm (D:2)
  2 dart slugs (D:1)
  2 endoplasms
  6 goblins
  4 hobgoblins (D:2)
  4 kobolds (D:1)
  A quokka (D:1)
  3 ball pythons
  2 bats (D:1)
  3 frilled lizards (D:1)
  A rat (D:1)
31 creatures vanquished.

Notes
Turn   | Place    | Note
-------+----------+-------------------------------------------
     0 | D:1      | aor the Minotaur Fighter began the quest for the Orb.
     0 | D:1      | Reached XP level 1. HP: 19/19 MP: 0/0
   219 | D:1      | Reached XP level 2. HP: 26/27 MP: 1/1
   755 | D:2      | Reached XP level 3. HP: 33/33 MP: 2/2
   797 | D:2      | Noticed Robin
   825 | D:2      | Gained mutation: You have a pair of large horns on your
                  | head. [potion of mutation]
   828 | D:2      | HP: 1/49 [goblin/+0 dagger[Robin] (5)]
   828 | D:2      | Slain by a goblin

Illustrated notes

Levels and vault maps discovered:
D:1:      minmay_arrival_shattered_statue, layout_rooms
D:2:      layout_basic, shapermc_ecumenical_altar_mp_vishouse,
          kennysheep_generic_room_15, uniq_robin

Skill      XL: |  1  2  3 |
---------------+----------+-----
Armour         | 4 |  4.0
Shields        | 4 |  4.0
Fighting       | 4 |  4.0
Polearms       | 3 4 |  4.0
Dodging        | |  0.7

Action                   || total
-------------------------++-------
Melee: Trident           ||    80
       Headbutt          ||    11
  Use: Potion            ||     3
Armor: Scale mail        ||    41
Dodge: Dodged            ||    30
Block: Buckler           ||    22
